 Dungeon Crawl Stone Soup version 0.31-a0-744-gbc345e7fcb (webtiles) character file.

Game seed: 12674967248436184159

163 Aneyh the Trooper (level 5, 0/31 HPs)
             Began as a Tengu Monk on Sept 14, 2023.
             Was a Believer of Hepliaklqana.
             Slain by Pikel
             ... wielding a +0 whip of flaming
              (8 damage)
             ... while paralysed by Pikel
             ... on level 4 of the Dungeon.
             The game lasted 00:04:39 (2699 turns).

Aneyh the Trooper (Tengu Monk)                      Turns: 2699, Time: 00:04:40

Health: 0/31       AC:  3    Str: 13    XL:     5   Next: 44%
Magic:  15/15      EV:  2    Int: 10    God:    Hepliaklqana [**....]
Gold:   212        SH:  0    Dex: 17    Spells: 4/4 levels left

rFire   + . .        b - +2 rapier (freeze)
rCold   . . .        (no shield)
rNeg    . . .        e - +0 leather armour {rF+}
rPois   .            (helmet restricted)
rElec   .            (no cloak)
rCorr   .            (no gloves)
SInv    .            (boots unavailable)
Will    .....        (no amulet)
Stlth   +            p - ring of magical power
HPRegen 0.25/turn    (no ring)
MPRegen 0.14/turn

%: acrobat
@: paralysed
A: reduced essence, beak, talons 3, acrobatic
a: Renounce Religion, Recall Ancestor, Ancestor Identity


You were on level 4 of the Dungeon.
You worshipped Hepliaklqana.
Hepliaklqana was pleased with you.
You visited 2 branches of the dungeon, and saw 5 of its levels.

You collected 212 gold pieces.

Inventory:

Hand Weapons
 a - a +0 spear
 b - a +2 rapier of freezing (weapon)
 s - the +5 sling "Bunukho" {heavy, Dex+2}
   (You found it on level 4 of the Dungeon)

   Dex+2:     It affects your dexterity (+2).
Missiles
 i - 6 poisoned darts (quivered)
Armour
 d - an orb of light
 e - a +0 leather armour of fire resistance (worn)
 o - a +0 robe
Jewellery
 p - a ring of magical power (left hand)
Scrolls
 f - 3 scrolls of blinking {unknown}
 g - 4 scrolls of teleportation {unknown}
 j - 3 scrolls of identify {unknown}
 k - a scroll of revelation {unknown}
 l - 3 scrolls of enchant weapon {unknown}
 m - a scroll of fog {unknown}
 r - a scroll of enchant armour {unknown}
Potions
 c - a potion of ambrosia
 h - 2 potions of mutation {unknown}
 n - 4 potions of lignification {unknown}
 q - a potion of enlightenment {unknown}


   Skills:
 * Level 5.1 Fighting
 + Level 4.7 Polearms
 - Level 3.2 Dodging


You had 4 spell levels left.
You didn't know any spells.
Your spell library contained the following spells:

 Spells                   Type           Power      Damage    Failure   Level
 Gell's Gravitas          Tloc           0%         N/A       82%         3
 Teleport Other           Tloc           0%         N/A       82%         3
 Dispersal                Tloc           0%         N/A       100%        6


Dungeon Overview and Level Annotations

Branches:
Dungeon (4/15)             Temple (1/1) D:4

Altars:
Ashenzari
Cheibriados
Dithmenos
Elyvilon
Gozag
Hepliaklqana
Kikubaaqudgha
Okawaru
Qazlal
Ru
Sif Muna

Shops:
D:1 [

Annotations:
D:4 Pikel


Innate Abilities, Weirdness & Mutations

Your life essence is reduced to manifest your ancestor. (-10% HP)
You have a beak for a mouth.
You have claws for feet.
You can magically evade attacks while moving or waiting.


Message History

The lemure hits Zorana.
Zorana is destroyed!
There is a staircase to the Ecumenical Temple here.
You can't go up here!
You climb downwards.
Welcome back to the Ecumenical Temple!
There is a staircase back to the Dungeon here.
You start waiting.
Zorana emerges from the mists of memory!
Your +2 rapier of freezing glows with a cold blue light!
b - a +2 rapier of freezing (weapon)
You can't go down here!
You climb upwards.
Welcome back to the Dungeon!
Level annotation: Pikel The lemure hits you.
The lemure hits you! The lemure hits you. x2
There is a staircase to the Ecumenical Temple here.
You hit the lemure. You freeze the lemure.
You claw the lemure, but do no damage. You peck the lemure, but do no damage.
The lemure is moderately wounded.
Pikel hits Zorana but does no damage.
The lemure barely misses you. The lemure misses you.
Zorana hits Pikel with a +0 flail.
The lemure hits you. The lemure closely misses you.
Pikel barely misses Zorana.
The lemure closely misses you.
Zorana hits Pikel with a +0 flail.
Pikel zaps a wand.
Zorana suddenly stops moving!
The lemure misses you. The lemure attacks as it pursues you!
The lemure completely misses you.
Pikel hits Zorana with a +0 whip of flaming.
Pikel burns Zorana.
The lemure closely misses you. The lemure attacks as it pursues you!
The lemure hits you but does no damage.
Pikel zaps a wand.
You suddenly lose the ability to move!
The lemure hits you but does no damage. The lemure barely misses you.
Pikel hits you with a +0 whip of flaming.
Pikel burns you. The lemure hits you.
* * * LOW HITPOINT WARNING * * *
Zorana is no longer paralysed.
The lemure hits you but does no damage.
Pikel hits you with a +0 whip of flaming!
You die...
Pikel says, "See you in Hell!"

#.# #..... #.# #..... #####
#.# ####.# #...# #.#
####....# ##.#.##
#.###.##.#... #.....#
#....#R#R#..#
#####.#.#.######.###....#...
.........55##....###########
#...#.8.#5@..####........†.
...#.....RK#...# #.....####.
#...8.>.85..#.###...### #.
...#.......#....>#..#######.
.....#.8.#....>.##..##......
..##..........#.##.###....#.
# ##.#.#.##...<##.# #....#.
#....[##...###.# #...##.
###.#.###...###.###.####.


You could see the friendly Zorana the knight, Pikel (ally target) and 4 lemures.

Vanquished Creatures
  A scorpion (D:4)
  5 adders
  3 worms
  A dart slug (D:3)
  An orc (D:4)
  3 bats
  4 endoplasms
  A giant cockroach (D:2)
  7 goblins
  4 hobgoblins
  7 kobolds
  A quokka (D:3)
  5 ball pythons
  6 frilled lizards
  4 rats
53 creatures vanquished.

Vanquished Creatures (others)
  2 knights (D:4)
2 creatures vanquished.

Grand Total: 55 creatures vanquished

Notes
Turn   | Place    | Note
-------+----------+-------------------------------------------
     0 | D:1      | Aneyh the Tengu Monk began the quest for the Orb.
     0 | D:1      | Reached XP level 1. HP: 14/14 MP: 2/2
   248 | D:1      | Found Nuhim's Antique Armour Shop.
   321 | D:1      | Reached XP level 2. HP: 19/19 MP: 3/3
  1029 | D:2      | Reached XP level 3. HP: 24/24 MP: 4/4
  1295 | D:2      | Reached skill level 4 in Fighting
  1586 | D:3      | Reached XP level 4. HP: 27/29 MP: 5/5
  2111 | D:4      | Noticed a scorpion
  2124 | D:4      | Killed a scorpion
  2125 | D:4      | Reached XP level 5. HP: 20/34 MP: 6/6
  2132 | D:4      | Reached skill level 5 in Fighting
  2271 | D:4      | Found a staircase to the Ecumenical Temple.
  2281 | D:4      | Identified the +5 sling "Bunukho" {heavy, Dex+2}
  2293 | Temple   | Entered the Ecumenical Temple
  2308 | Temple   | Became a worshipper of Hepliaklqana the Forgotten
  2308 | Temple   | Reached * piety under Hepliaklqana
  2308 | Temple   | Reached ** piety under Hepliaklqana
  2309 | Temple   | Remembered your ancestor Zorana as a knight
  2527 | D:4      | Noticed a lemure
  2527 | D:4      | Noticed a lemure
  2529 | D:4      | Noticed Pikel
  2529 | D:4      | Noticed a lemure
  2529 | D:4      | Noticed a lemure
  2632 | D:4      | Paralysed by Pikel for 2 turns
  2697 | D:4      | Paralysed by Pikel for 5 turns
  2699 | D:4      | Slain by Pikel

Illustrated notes

Levels and vault maps discovered:
D:1:      spicycebolla_green_bress_n_ham, layout_basic, serial_shops,
          nicolae_shop_overgrown_old_shop
D:2:      layout_rooms
D:3:      layout_rooms, corexii_leaking_fountain, minmay_bisected
D:4:      minmay_recursive_quarters, layout_loops_cross, lemuel_doored_altar,
          minmay_temple_entry_sparse_star, minivault_25, uniq_pikel
Temple:   jpeg_temple_clearing

Skill      XL: |  1  2  3  4  5 |
---------------+----------------+-----
Fighting       | 4 5 |  5.1
Polearms       | 4 |  4.7
Dodging        | |  3.2

Action                     |  1- 3 |  4- 6 || total
---------------------------+-------+-------++-------
  Melee: Spear             |    79 |     7 ||    86
         Peck              |    10 |     8 ||    18
         Punch             |     1 |       ||     1
         Kick              |     8 |    11 ||    19
         Rapier            |    11 |    48 ||    59
 Invoke: Ancestor Life: Kn |       |     1 ||     1
   Stab: Sleeping          |     5 |       ||     5
 Armour: Robe              |     2 |       ||     2
         Leather armour    |    16 |    28 ||    44
  Dodge: Dodged            |    38 |    41 ||    79

Table legend: (Time is in decaauts)
 A = Elapsed time spent in this place.
 B = Non-inter-level travel time spent in this place.
 C = Inter-level travel time spent in this place.
 D = Time resting spent in this place.
 E = Time spent auto-exploring this place.
 F = Levels seen in this place.
 G = Mean time per level.
                   A        B        C        D        E       F      G
               +--------+--------+--------+--------+--------+-----+--------+
         Total |   2702 |   2537 |    165 |    321 |   1769 |   5 |  540.4 |
       Dungeon |   2556 |   2419 |    137 |    212 |   1769 |   4 |  639.0 |
        Temple |    146 |    118 |     28 |    109 |      0 |   1 |  146.0 |
               +--------+--------+--------+--------+--------+-----+--------+

Top non-repeatable levels by time:
     D:1: 899 daAuts
     D:3: 601 daAuts
     D:4: 534 daAuts
     D:2: 520 daAuts
  Temple: 146 daAuts
